 Dungeon Crawl Stone Soup version 0.19-a0-347-g6bb00b2 (webtiles) character file.

13647 oplop the Covert (level 11, 0/84 HPs)
             Began as a Vampire Enchanter on May 29, 2016.
             Was an Elder of Dithmenos.
             Killed from afar by a white imp (3 damage)
             ... with a puff of frost
             ... on level 12 of the Dungeon.
             The game lasted 00:33:32 (10663 turns).

oplop the Covert (Vampire Enchanter)               Turns: 10663, Time: 00:33:32

Health: 0/84       AC:  6    Str:  7    XL:     11   Next: 78%
Magic:  9/22       EV: 18    Int: 24    God:    Dithmenos [****..]
Gold:   609        SH:  0    Dex: 15    Spells: 4 memorised, 13 levels left

rFire  . . .     SeeInvis +     i - +2 dagger (venom)
rCold  + + .     Gourm    .     L - +1 robe {MR+}
rNeg   + + +     Faith    .     (no shield)
rPois  ∞         Spirit   .     (helmet restricted)
rElec  .         Dismiss  .     r - +0 cloak
rCorr  .         Reflect  .     h - +0 pair of gloves
SustAt .         Harm     .     (no boots)
MR     ++...     Clarity  +     C - amulet of regeneration
Stlth  ++++++++++               M - ring of stealth
                                v - +3 ring of intelligence

@: very slightly contaminated, bloodless, non-regenerating, hasted, wreathed by
umbra, very quick, very resistant to hostile enchantments, uncannily stealthy
A: fangs 3, horns 1, talons 1, molten scales 1, see invisible, clarity, clever
1, clumsy 1, unbreathing
a: Bat Form, Shadow Step, Renounce Religion


You were on level 12 of the Dungeon.
You worshipped Dithmenos.
Dithmenos was greatly pleased with you.
You were bloodless.

You visited 2 branches of the dungeon, and saw 13 of its levels.

You collected 669 gold pieces.
You spent 60 gold pieces at shops.

Inventory:

Hand Weapons
 a - a +1 dagger
 i - a +2 dagger of venom (weapon)
 k - a +0 dagger of draining
Missiles
 l - 225 stones (quivered)
 H - a throwing net
Armour
 h - a +0 pair of gloves (worn)
 j - a +1 helmet
 r - a +0 cloak (worn)
 L - a +1 robe of magic resistance (worn)
Jewellery
 v - a +3 ring of intelligence (left hand)
 C - an amulet of regeneration (around neck)
 I - an uncursed ring of see invisible
 M - a ring of stealth (right hand)
Wands
 b - a wand of hasting (7/9)
 y - a wand of lightning (4/15)
 N - a wand of slowing (20/48)
Scrolls
 f - 2 scrolls of magic mapping
 m - 3 scrolls of remove curse
 p - 5 scrolls of enchant weapon
 q - a scroll of enchant armour
 t - 2 scrolls of fog
 w - a scroll of amnesia
 x - a scroll of vulnerability
 A - 3 scrolls of recharging
 D - 3 scrolls of identify
Potions
 d - 16 potions of blood
 e - 2 potions of haste
 g - 2 potions of curing
 n - 3 potions of might
 o - 2 potions of magic
 s - a potion of cancellation
 z - a potion of ambrosia
 B - a potion of berserk rage
 E - a potion of cure mutation
 F - a potion of flight
 K - a potion of agility
Books
 c - a book of Maledictions

   Spells                             Type                      Level
   a - Corona                         Hexes                        1
   b - Ensorcelled Hibernation        Hexes/Ice                    2
   c - Confuse                        Hexes                        3
   d - Tukima's Dance                 Hexes                        3
   e - Dazzling Spray                 Conjuration/Hexes            3
 G - a book of Summonings

   Spells                             Type                      Level
   a - Recall                         Summoning/Translocation      3
   b - Aura of Abjuration             Summoning                    5
   c - Summon Demon                   Summoning                    5
   d - Summon Forest                  Summoning/Translocation      5
   e - Summon Mana Viper              Hexes/Summoning              5
   f - Shadow Creatures               Summoning                    6
 J - a book of Changes

   Spells                             Type                      Level
   a - Beastly Appendage              Transmutation                1
   b - Sticks to Snakes               Transmutation                2
   c - Spider Form                    Transmutation/Poison         3
   d - Ice Form                       Ice/Transmutation            4
   e - Blade Hands                    Transmutation                5


   Skills:
 + Level 7.4 Fighting
 + Level 9.0 Short Blades
 + Level 8.5 Dodging
 + Level 12.5 Stealth
 + Level 7.4 Spellcasting
 + Level 11.6 Hexes


You had 13 spell levels left.
You knew the following spells:

 Your Spells              Type           Power        Failure   Level  Hunger
b - Ensorcelled Hibernat  Hex/Ice        #####.       1%          2    None
c - Confuse               Hex            ######..     1%          3    None
d - Tukima's Dance        Hex            ######..     1%          3    None
e - Dazzling Spray        Conj/Hex       #####.       1%          3    None


Dungeon Overview and Level Annotations

Branches:
Dungeon (12/15)            Temple (1/1) D:5            Lair (0/8) D:11
    Orc (0/2) D:11

Altars:
Ashenzari
Cheibriados
Dithmenos
Elyvilon
Fedhas
Gozag
Hepliaklqana
Kikubaaqudgha
Makhleb
Nemelex Xobeh
Okawaru
Pakellas
Qazlal
Ru
Sif Muna
Trog
Ukayaw
Vehumet
Xom
Yredelemnul
Zin
The Shining One

Shops:
D:6 [   D:8 ?   D:9 *

Portals:
Labyrinth: D:12
Ice
Cave: D:12

Annotations:
D:2 Sigmund
D:12 Maud, Sonja


Innate Abilities, Weirdness & Mutations

You do not heal naturally.
You are immune to poison.
You have razor-sharp teeth.
You have supernaturally acute eyesight. (SInv)
You can survive without breathing.
You have a pair of small horns on your head.
You have sharp toenails.
You are partially covered in molten scales. (AC +1)
You possess an exceptional clarity of mind.
Your mind is acute. (Int +2)
You are clumsy. (Dex -2)


Message History

Okay, then.
Drink which item? (? for menu, Esc to quit)
You feel yourself speed up.
Sonja says, "If only old Madame Brzewit could see me now!"
The centaur shoots an arrow.
The arrow hits you!
* * * LOW HITPOINT WARNING * * *
The white imp gestures at you. The puff of frost misses you.
The white imp completely misses you. The hound completely misses you.
The white imp barely misses you.
You are very lightly contaminated with residual magic.
A white imp comes into view.
Drink which item? (? for menu, Esc to quit)
You feel better.
The centaur shoots an arrow.
The arrow hits you!
* * * LOW HITPOINT WARNING * * *
Sonja casts a spell.
Sonja blinks!
The hound closely misses you. The white imp completely misses you.
The white imp gestures at you. The puff of frost hits you! You resist.
You die...

*** ,,* ,,* ####### ,,* #.<....
,,*########################......
,,..........K$........(..D5<.....
,,...##...........#########5.....
,,*#......(############# #......
,,*####(...§..@5@.....∩#####5..##
,,* ###.##....h5c.y5y..5(....#
*** #...........c....###...# ***
###.........O....* ##.## *,**
#..5...........***#.# **,,*
*#..............,,,#.# *,,,*
*#..?.....5...5|.,,,..#
*,*,*****..#..5..........,,,..#
*,*,*,,,..#......∩....y..,,,..#


You could see Maud, a two-headed ogre (wandering), a vampire mosquito
(wandering), a wasp (wandering), 2 centaurs, a hound and 7 white imps.

Vanquished Creatures
  2 hydras (D:11)
  2 unseen horrors (D:11)
  The ghost of removeelyvilon the Summoner, a novice DsSu of Ashenzari (D:7)
  A hill giant (D:10)
  2 centaur zombies
  Joseph (D:10)
  A centaur skeleton (D:11)
  A komodo dragon (D:11)
  A troll (D:10)
  A two-headed ogre (D:8)
  5 yaks (D:10)
  A human (shapeshifter) (D:11)
  Grum (D:8)
  3 hippogriffs
  A steam dragon (D:7)
  2 hungry ghosts
  A mottled dragon (D:11)
  A water moccasin (D:9)
  3 black bears
  3 orc warriors
  An ice beast (D:11)
  10 ogres
  3 sky beasts
  A phantom (D:8)
  A wasp (D:11)
  3 wolves (D:8)
  5 centaurs
  2 crocodiles
  3 big kobolds
  6 giant frogs
  A wyvern zombie (D:9)
  A wyvern skeleton (D:10)
  A scorpion (D:9)
  7 killer bees
  2 wights (D:10)
  12 crimson imps
  3 howler monkeys
  5 jellies
  2 giant frog skeletons
  7 hounds
  4 orc priests
  14 orc wizards
  Crazy Yiuf (D:3)
  Jessica (D:2)
  5 iguanas
  Ijyb (D:2)
  Natasha (thrice) (D:2)
  11 worker ants
  A killer bee zombie (D:6)
  2 hound skeletons
  2 worker ant zombies
  Robin (D:4)
  A howler monkey skeleton (D:8)
  11 gnolls
  20 adders
  2 shadow imps
  An adder zombie (D:8)
  2 adder skeletons
  2 worms
  10 giant geckos
  37 orcs
  A ball python (D:1)
  6 giant cockroaches
  17 goblins
  9 hobgoblins
  9 quokkas
  A ball python zombie (D:5)
  10 bats
  A giant newt (D:2)
  17 kobolds
  A quokka skeleton (D:9)
  A quokka zombie (D:6)
  8 rats
323 creatures vanquished.

Vanquished Creatures (collateral kills)
  6 wights
  An orc wizard (D:11)
7 creatures vanquished.

Vanquished Creatures (others)
  A dancing weapon (D:9)
  2 plants (D:11)
3 creatures vanquished.

Grand Total: 333 creatures vanquished

Notes
Turn   | Place    | Note
--------------------------------------------------------------
     0 | D:1      | oplop the Vampire Enchanter began the quest for the Orb.
     0 | D:1      | Reached XP level 1. HP: 13/13 MP: 3/3
   160 | D:1      | Reached XP level 2. HP: 14/20 MP: 5/5
   660 | D:1      | Learned a level 2 spell: Ensorcelled Hibernation
   719 | D:1      | Reached XP level 3. HP: 13/25 MP: 6/6
  1077 | D:2      | Reached skill level 1 in Fighting
  1077 | D:2      | Reached skill level 5 in Hexes
  1164 | D:2      | Found an ancient bone altar of Kikubaaqudgha.
  1246 | D:2      | Noticed Natasha
  1283 | D:2      | Reached skill level 5 in Stealth
  1283 | D:2      | Reached XP level 4. HP: 10/32 MP: 0/7
  1431 | D:2      | Killed Natasha
  1564 | D:2      | Noticed Jessica
  1567 | D:2      | Noticed Natasha
  1589 | D:2      | Gained mutation: You possess an exceptional clarity of mind. [potion of mutation]
  1589 | D:2      | Gained mutation: You have a pair of small horns on your head. [potion of mutation]
  1589 | D:2      | Gained mutation: You are partially covered in molten scales. (AC +1) [potion of mutation]
  1646 | D:2      | Learned a level 3 spell: Confuse
  1717 | D:2      | Killed Jessica
  1717 | D:2      | Reached XP level 5. HP: 37/37 MP: 6/9
  1751 | D:2      | Killed Natasha
  1771 | D:2      | Noticed Natasha
  1789 | D:2      | Killed Natasha
  1817 | D:2      | Noticed Ijyb
  1819 | D:2      | Noticed Sigmund
  2043 | D:2      | Killed Ijyb
  2228 | D:3      | Found a faded altar to an unknown god.
  2308 | D:3      | Reached XP level 6. HP: 20/44 MP: 0/10
  2560 | D:3      | Reached skill level 6 in Stealth
  2650 | D:3      | Noticed Crazy Yiuf
  2658 | D:3      | Killed Crazy Yiuf
  3312 | D:4      | Reached XP level 7. HP: 42/51 MP: 8/12
  3501 | D:4      | Found a white marble altar of Elyvilon.
  3517 | D:4      | Reached skill level 7 in Stealth
  3648 | D:4      | Noticed Robin
  3663 | D:4      | Killed Robin
  3877 | D:4      | Found a shattered altar of Ashenzari.
  3924 | D:4      | Found an oddly glowing altar of Pakellas.
  3995 | D:4      | Reached XP level 8. HP: 58/58 MP: 13/13
  4087 | D:5      | Entered Level 5 of the Dungeon
  4457 | D:5      | Reached skill level 8 in Stealth
  4479 | D:5      | Learned a level 3 spell: Tukima's Dance
  4483 | D:5      | Learned a level 3 spell: Dazzling Spray
  4508 | D:5      | Found a staircase to the Ecumenical Temple.
  4554 | Temple   | Entered the Ecumenical Temple
  4787 | Temple   | Became a worshipper of Dithmenos the Shadowed
  5263 | D:5      | Reached skill level 5 in Short Blades
  5346 | D:6      | Reached skill level 5 in Dodging
  5457 | D:6      | Reached * piety under Dithmenos
  5583 | D:6      | Reached skill level 9 in Stealth
  5583 | D:6      | Reached XP level 9. HP: 55/66 MP: 7/15
  5850 | D:6      | Found a stormy altar of Qazlal.
  5851 | D:6      | Found a shimmering altar of Xom.
  5910 | D:6      | Found Dirin's Antique Armour Boutique.
  6237 | D:7      | Reached skill level 5 in Spellcasting
  6333 | D:7      | Reached ** piety under Dithmenos
  6505 | D:7      | Found a burning altar of Makhleb.
  6511 | D:7      | Reached skill level 5 in Fighting
  6564 | D:7      | Gained mutation: Your mind is acute. (Int +2) [potion of mutation]
  6564 | D:7      | Gained mutation: You are clumsy. (Dex -2) [potion of mutation]
  6564 | D:7      | Gained mutation: You have sharp toenails. [potion of mutation]
  6654 | D:7      | Found a blossoming altar of Fedhas.
  6901 | D:7      | Found a snail-covered altar of Cheibriados.
  7053 | D:7      | Noticed removeelyvilon's ghost (novice DsSu)
  7076 | D:7      | Killed removeelyvilon's ghost
  7076 | D:7      | Reached skill level 10 in Stealth
  7304 | D:8      | Found a snail-covered altar of Cheibriados.
  7321 | D:8      | Reached XP level 10. HP: 45/74 MP: 10/18
  7505 | D:8      | Noticed Grum
  7526 | D:8      | Killed Grum
  7777 | D:8      | namelastname112: бля
  7777 | D:8      | namelastname112: кому молиться пойти?
  7777 | D:8      | oplop: rcjve
  7777 | D:8      | oplop: ксому
  7777 | D:8      | oplop: или рю
  7927 | D:8      | Reached *** piety under Dithmenos
  7936 | D:8      | Found Pinubub's Magic Scroll Shoppe.
  7939 | D:8      | Bought a scroll of identify for 30 gold pieces
  7939 | D:8      | Bought a scroll of identify for 30 gold pieces
  8091 | D:8      | namelastname112: не
  8127 | D:9      | Found Mifrurav's Demolitions Depot.
  8128 | D:9      | namelastname112: гозаг или дис
  8128 | D:9      | oplop: гм
  8128 | D:9      | oplop: дис
  8128 | D:9      | namelastname112: лел
  8128 | D:9      | oplop: ты жи любешь его, кек
  8128 | D:9      | namelastname112: ГОНКА
  8351 | D:9      | Found a sparkling altar of Nemelex Xobeh.
  8351 | D:9      | Found a hazy altar of Hepliaklqana.
  8352 | D:9      | Found an iron altar of Okawaru.
  8403 | D:9      | Reached skill level 11 in Stealth
  8458 | D:9      | Reached skill level 10 in Hexes
  8562 | D:9      | You fall through a shaft for 2 floors!
  8564 | D:11     | Noticed a five-headed hydra
  8619 | D:10     | Entered Level 10 of the Dungeon
  8759 | D:9      | Reached **** piety under Dithmenos
  9045 | D:10     | Reached XP level 11. HP: 75/83 MP: 20/20
  9102 | D:10     | Noticed a hill giant
  9104 | D:10     | Killed a hill giant
  9185 | D:10     | Noticed Joseph
  9194 | D:10     | Killed Joseph
  9687 | D:11     | Found a staircase to the Lair.
  9932 | D:11     | Found a staircase to the Orcish Mines.
  9935 | D:11     | Noticed an unseen horror
  9937 | D:11     | Killed an unseen horror
  9937 | D:11     | Reached skill level 12 in Stealth
 10144 | D:11     | Noticed an eight-headed hydra
 10156 | D:11     | Killed an eight-headed hydra
 10203 | D:11     | Killed a five-headed hydra
 10287 | D:11     | Noticed an unseen horror
 10294 | D:11     | Killed an unseen horror
 10390 | D:11     | Reached ***** piety under Dithmenos
 10625 | D:12     | Found a labyrinth entrance.
 10625 | D:12     | Noticed an eight-headed hydra
 10642 | D:12     | Noticed Sonja
 10649 | D:12     | Noticed Maud
 10654 | D:12     | Found a frozen archway.
 10663 | D:12     | HP: 3/84 [centaur/arrow (9)]
 10663 | D:12     | Killed from afar by a white imp

Vault maps used:
D:1:      dpeg_cavernosity
D:2:      old_standard_altar, uniq_iyjb, uniq_natasha, uniq_sigmund,
          uniq_jessica
D:3:      ecumenical_altar_1, uniq_crazy_yiuf_cottage
D:4:      marbit_many_paths, nicolae_overflow_crystal_walls,
          johnstein_pakellas_death_squad, uniq_robin
D:5:      minmay_temple_entry_crystal_x, first_bread
D:6:      gammafunk_temple_overflow_pools, serial_shops, shop
D:7:      fedhas_altar_1, cheibrodos_worm_habitat, grunt_ogre_cave,
          bloody_makhleb
D:8:      serial_shops, nicolae_shop_trees, basic_altar, uniq_grum
D:9:      gammafunk_temple_overflow_forgotten, nicolae_blasting_shop
D:10:     uniq_joseph
D:11:     david_lair_shrubbed, orc_0_dummy, minmay_radiant
D:12:     portal_ice_cave_entry_imps, lab_entry_generic, serial_shops, shop,
          shop, shop, shop, shop, uniq_maud, uniq_psyche, uniq_rupert,
          uniq_sonja
Temple:   triangle_lava_temple_12

Skill      XL: |  1  2  3  4  5  6  7  8  9 10 11 |
---------------+----------------------------------+-----
Fighting       | 1 2 3 4 5 6 7 |  7.4
Hexes          | 5 6 7 8 9 10 11 | 11.6
Stealth        | 5 6 7 9 10 11 12 | 12.5
Short Blades   | 2 3 4 5 6 8 9 |  9.0
Dodging        | 3 4 5 6 7 8 |  8.5
Spellcasting   | 3 4 5 6 7 |  7.4

Action                   |  1- 3 |  4- 6 |  7- 9 | 10-12 || total
-------------------------+-------+-------+-------+-------++-------
Melee: Dagger            |   155 |   141 |   320 |   458 ||  1074
       Bite              |     8 |     8 |    34 |    44 ||    94
       Headbutt          |       |    15 |    45 |    62 ||   122
       Kick              |       |       |    10 |    90 ||   100
 Cast: Corona            |     3 |       |       |       ||     3
       Ensorcelled Hiber |     4 |    27 |    23 |    42 ||    96
       Confuse           |       |     9 |    34 |    39 ||    82
       Tukima's Dance    |       |       |       |    10 ||    10
 Abil: End Transformatio |     1 |     2 |     4 |     1 ||     8
       Bat Form          |     1 |     2 |     4 |     1 ||     8
  Use: Potion            |     2 |    11 |     1 |     2 ||    16
       Scroll            |       |     3 |       |    21 ||    24
 Stab: Sleeping          |    14 |    22 |    47 |    58 ||   141
       Distracted        |     2 |     1 |     1 |     3 ||     7
       Confused          |       |     3 |    16 |    28 ||    47
Armor: Robe              |    37 |    24 |    48 |    31 ||   140
Dodge: Dodged            |   105 |    84 |   217 |   304 ||   710
